 Dungeon Crawl Stone Soup version 0.28.0-43-g3370ac3207 (webtiles) character file.

Game seed: 2781079263257771251

445 croobank the Firebug (level 7, 0/50 HPs)
             Began as a Gnoll Fire Elementalist on Mar 1, 2022.
             Slain by Grinder (7 damage)
             ... on level 4 of the Dungeon.
             The game lasted 00:16:37 (4527 turns).

croobank the Firebug (Gnoll Fire Elementalist)      Turns: 4527, Time: 00:16:38

Health: 0/50       AC:  2    Str:  7    XL:     7   Next: 3%
Magic:  0/15       EV: 14    Int: 17    God:
Gold:   137        SH:  0    Dex: 14    Spells: 10/17 levels left

rFire   . . .      SeeInvis .   v - +1 hand axe (flame)
rCold   . . .      Faith    .   (no shield)
rNeg    . . .      Spirit   .   d - +0 robe
rPois   .          Reflect  .   (no helmet)
rElec   .          Harm     .   (no cloak)
rCorr   .          Rampage  .   (no gloves)
Will    +....      Clarity  +   (no boots)
Stlth   ++++......              (no amulet)
HPRegen 0.16/turn               (no ring)
MPRegen 0.14/turn               (no ring)

@: no status effects
A: fangs 1, strong nose, distributed training, thin skeletal structure 1,
clarity, strong-willed 1, MP-powered wands
a: no special abilities


You were on level 4 of the Dungeon.
You visited 1 branch of the dungeon, and saw 4 of its levels.

You collected 137 gold pieces.

Inventory:

Hand Weapons
 a - a +1 dagger of venom
 b - a +0 hunting sling
 n - a +0 dagger of protection
 r - a +0 flail
 t - a +0 war axe
 v - a +1 hand axe of flaming (weapon)
Missiles
 f - 8 poisoned darts
 i - 54 arrows
 j - 4 boomerangs of dispersal
 q - 47 sling bullets
Armour
 c - a +0 scale mail
 d - a +0 robe (worn)
 u - a +0 leather armour
Jewellery
 g - an amulet of faith
Wands
 k - a wand of iceblast (3)
 o - a wand of polymorph (11)
 p - a wand of flame (15)
Scrolls
 x - a scroll of blinking {unknown}
 y - a scroll of torment {unknown}
Potions
 e - a potion of attraction
 h - a potion of curing


   Skills:
 + Level 2.2 Fighting
 + Level 2.2 Short Blades
 + Level 2.2 Long Blades
 + Level 2.2 Axes
 + Level 2.2 Maces & Flails
 + Level 2.2 Polearms
 + Level 2.2 Staves
 + Level 2.2 Slings
 + Level 2.2 Bows
 + Level 2.2 Crossbows
 + Level 2.2 Throwing
 + Level 2.2 Armour
 + Level 5.1 Dodging
 + Level 4.7 Stealth
 + Level 2.2 Shields
 + Level 2.2 Unarmed Combat
 + Level 5.5 Spellcasting
 + Level 2.8 Conjurations
 + Level 1.8 Hexes
 + Level 1.8 Summonings
 + Level 1.8 Necromancy
 + Level 1.8 Translocations
 + Level 1.8 Transmutations
 + Level 5.7 Fire Magic
 + Level 1.8 Ice Magic
 + Level 1.8 Air Magic
 + Level 1.8 Earth Magic
 + Level 1.8 Poison Magic
 + Level 2.4 Invocations
 + Level 2.2 Evocations


You had 10 spell levels left.
You knew the following spells:

 Your Spells              Type           Power      Damage    Failure   Level
a - Foxfire               Conj/Fire      76%        2x1d7     2%          1
b - Flame Wave            Conj/Fire      19%        2d6       22%         4
c - Scorch                Fire           48%        2d7       1%          2

Your spell library contained the following spells:

 Spells                   Type           Power      Damage    Failure   Level
 Conjure Flame            Conj/Fire      19%        6-21      7%          3
 Inner Flame              Hex/Fire       17%        N/A       9%          3


Dungeon Overview and Level Annotations

Branches:
Dungeon (4/15)
 Temple: D:4-7

Altars:
Fedhas

Shops:
D:2 (   D:4 (

Annotations:
D:3 2 transporters, zeram's ghost, weakling GrFi
D:4 Grinder


Innate Abilities, Weirdness & Mutations

You have very sharp teeth.
Your uncanny sense of smell can sniff out nearby items.
Your experience applies equally to all skills.
You have a somewhat thin skeletal structure. (Dex +2, Stealth+)
You possess an exceptional clarity of mind.
You are strong-willed. (Will+)
You expend magic power (3 MP) to strengthen your wands.


Message History

* * * LOW HITPOINT WARNING * * *
It was a potion of attraction.
You feel attractive to monsters. Grinder hits you.
* * * LOW HITPOINT WARNING * * *
It was a potion of flight.
You feel very buoyant.
You fly up into the air.
Grinder barely misses you.
It was a potion of mutation.
You feel extremely strange.
You feel your magical essence link to the dungeon's wands.
Your thoughts seem clearer.
You feel strong-willed.
Your bones become slightly less dense.
Grinder blinks!
Grinder is attracted toward you.
As you read the scroll of teleportation, it crumbles to dust.
You feel strangely unstable. Grinder gestures at you.
You resist with almost no effort. Grinder is attracted toward you.
Grinder blinks!
Grinder gestures at you. You resist with almost no effort.
It was a potion of cancellation.
You feel strangely stable.
Your magical effects are unravelling.
You feel magically purged.
You float gracefully downwards.
Grinder gestures at you. You resist with almost no effort.
You feel less attractive to monsters.
Casting: Flame Wave (quite dangerous; 22% risk of failure)
Confirm with . or Enter, or press ? or * to list all spells.
Flames lash Grinder.
Grinder is severely wounded.
Grinder's fire resistance burns away.
Grinder misses you.
Casting: Scorch (safe; 1% risk of failure)
Confirm with . or Enter, or press ? or * to list all spells.
You conjure some foxfire!
Grinder closely misses you.
The foxfire hits Grinder.
Grinder is severely wounded.
The foxfire hits Grinder.
Grinder is severely wounded.
Grinder hits you!
You die...

........##### #..## #.#
...........# ###...###.#
#..........###...#.....#
........<..)......##..##
#..........###.##.#.[##
...........##..##.#...##
...................)#..#
#........§§§.####.#.##.#
......)...@### #.#..#.##
#.§....)..5# #.......#
#.#.####...# #.......# #
# #..### #.......#
#.###.## #....)..#
#......## ##...##)##
....#.....# ###...###.#
.##...###.# #...### #)#
#...# #.# #.#.# #.#


You could see Grinder (combustible).

Vanquished Creatures
  A hound (D:3)
  An orc priest (D:4)
  Jessica (D:3)
  A centaur skeleton (D:4)
  Terence (D:2)
  Ijyb (D:3)
  Natasha (twice) (D:3)
  Robin (D:4)
  A gnoll (D:3)
  9 adders
  An adder skeleton (D:4)
  2 worms
  2 dart slugs
  10 orcs
  6 ball pythons
  4 bats
  7 endoplasms
  2 giant cockroaches
  17 goblins
  10 hobgoblins
  4 jackals
  7 quokkas
  4 frilled lizards
  A hobgoblin zombie (D:4)
  5 kobolds
  A kobold zombie (D:4)
  7 rats
109 creatures vanquished.

Vanquished Creatures (others)
  188 foxfires
  6 plants (D:3)
194 creatures vanquished.

Grand Total: 303 creatures vanquished

Notes
Turn   | Place    | Note
-------+----------+-------------------------------------------
     0 | D:1      | croobank the Gnoll Fire Elementalist began the quest for
                  | the Orb.
     0 | D:1      | Reached XP level 1. HP: 13/13 MP: 6/6
   113 | D:1      | Reached XP level 2. HP: 19/19 MP: 4/7
   862 | D:2      | Reached XP level 3. HP: 25/25 MP: 7/9
   911 | D:2      | Reached skill level 5 in Spellcasting
   935 | D:2      | Found a faded altar of an unknown god.
  1120 | D:2      | Found a blossoming altar of Fedhas.
  1150 | D:2      | Reached skill level 1 in Invocations
  1152 | D:2      | Reached skill level 1 in Fighting
  1152 | D:2      | Reached skill level 1 in Short Blades
  1152 | D:2      | Reached skill level 1 in Long Blades
  1152 | D:2      | Reached skill level 1 in Axes
  1152 | D:2      | Reached skill level 1 in Maces & Flails
  1152 | D:2      | Reached skill level 1 in Polearms
  1152 | D:2      | Reached skill level 1 in Staves
  1152 | D:2      | Reached skill level 1 in Slings
  1152 | D:2      | Reached skill level 1 in Bows
  1152 | D:2      | Reached skill level 1 in Crossbows
  1152 | D:2      | Reached skill level 1 in Throwing
  1152 | D:2      | Reached skill level 1 in Armour
  1152 | D:2      | Reached skill level 1 in Shields
  1152 | D:2      | Reached skill level 1 in Unarmed Combat
  1152 | D:2      | Reached skill level 1 in Evocations
  1348 | D:2      | Reached XP level 4. HP: 28/32 MP: 8/11
  1353 | D:2      | Learned a level 4 spell: Flame Wave
  1486 | D:2      | Learned a level 2 spell: Scorch
  1686 | D:2      | Found Leytos's Weapon Emporium.
  1763 | D:2      | Noticed Terence
  2204 | D:3      | Reached skill level 1 in Hexes
  2204 | D:3      | Reached skill level 1 in Summonings
  2204 | D:3      | Reached skill level 1 in Necromancy
  2204 | D:3      | Reached skill level 1 in Translocations
  2204 | D:3      | Reached skill level 1 in Transmutations
  2204 | D:3      | Reached skill level 1 in Ice Magic
  2204 | D:3      | Reached skill level 1 in Air Magic
  2204 | D:3      | Reached skill level 1 in Earth Magic
  2204 | D:3      | Reached skill level 1 in Poison Magic
  2224 | D:3      | Noticed Natasha
  2232 | D:3      | Killed Natasha
  2233 | D:3      | Reached XP level 5. HP: 33/37 MP: 1/12
  2567 | D:3      | Noticed Ijyb
  2568 | D:3      | Noticed Jessica
  2577 | D:3      | Killed Ijyb
  2584 | D:3      | Killed Jessica
  2938 | D:3      | Noticed Natasha
  2943 | D:3      | Killed Natasha
  2944 | D:3      | Reached XP level 6. HP: 37/44 MP: 10/13
  2998 | D:3      | Found a transporter.
  3026 | D:3      | Found a transporter.
  3478 | D:3      | Reached skill level 5 in Dodging
  3582 | D:3      | Identified the +7 halberd of Gis Joap {pain, rC- Int+2
                  | Dex+9}
  3585 | D:3      | Noticed zeram's ghost (weakling GrFi)
  3792 | D:4      | Noticed an orc warrior
  3863 | D:2      | Killed Terence
  4178 | D:4      | Noticed Grinder
  4179 | D:4      | Noticed Robin
  4180 | D:4      | Found Yppa's Antique Weapon Boutique.
  4380 | D:4      | Killed Robin
  4515 | D:4      | Reached XP level 7. HP: 23/50 MP: 8/15
  4520 | D:4      | Gained mutation: You expend magic power (3 MP) to
                  | strengthen your wands. [potion of mutation]
  4520 | D:4      | Gained mutation: You possess an exceptional clarity of
                  | mind. [potion of mutation]
  4520 | D:4      | Gained mutation: You are strong-willed. (Will+) [potion of
                  | mutation]
  4520 | D:4      | Gained mutation: You have a somewhat thin skeletal
                  | structure. (Dex +2, Stealth+) [potion of mutation]
  4527 | D:4      | Slain by Grinder

Illustrated notes

Levels and vault maps discovered:
D:1:      minmay_arrival_doors, layout_basic, minmay_misc_feat_pillars,
          minmay_octomino_j4
D:2:      layout_basic, serial_shops, nicolae_lakefront_shop,
          hellmonk_ecumenical_altar_zigzags, basic_altar, uniq_terence
D:3:      minmay_chambers_of_twos, layout_basic, gammafunk_ghost_gnarly_gnolls,
          st_stairs_9, uniq_natasha, uniq_jessica, uniq_ijyb
D:4:      minmay_bubble_buster, layout_rooms, serial_shops,
          nicolae_stop_n_shop_1, minmay_mini_ossuary, uniq_robin, uniq_grinder

Skill      XL: |  1  2  3  4  5  6 |
---------------+-------------------+-----
Conjurations   | 2 |  2.8
Spellcasting   | 5 |  5.5
Invocations    | 1 2 |  2.4
Fighting       | 1 2 |  2.2
Short Blades   | 1 2 |  2.2
Long Blades    | 1 2 |  2.2
Axes           | 1 2 |  2.2
Maces & Flails | 1 2 |  2.2
Polearms       | 1 2 |  2.2
Staves         | 1 2 |  2.2
Slings         | 1 2 |  2.2
Bows           | 1 2 |  2.2
Crossbows      | 1 2 |  2.2
Throwing       | 1 2 |  2.2
Armour         | 1 2 |  2.2
Shields        | 1 2 |  2.2
Unarmed Combat | 1 2 |  2.2
Evocations     | 1 2 |  2.2
Hexes          | 1 |  1.8
Summonings     | 1 |  1.8
Necromancy     | 1 |  1.8
Translocations | 1 |  1.8
Transmutations | 1 |  1.8
Ice Magic      | 1 |  1.8
Air Magic      | 1 |  1.8
Earth Magic    | 1 |  1.8
Poison Magic   | 1 |  1.8
Dodging        | 5 |  5.1
Stealth        | |  4.7
Fire Magic     | |  5.7

Action                   |  1- 3 |  4- 6 |  7- 9 || total
-------------------------+-------+-------+-------++-------
Melee: Unarmed           |     6 |       |       ||     6
       Dagger            |     6 |     8 |       ||    14
       Bite              |       |     6 |       ||     6
       Hand axe          |       |    19 |       ||    19
 Cast: Foxfire           |    44 |    66 |     1 ||   111
       Scorch            |       |    41 |     1 ||    42
       Flame Wave        |       |     3 |     1 ||     4
  Use: Scroll            |       |     4 |     1 ||     5
       Potion            |       |     1 |     4 ||     5
Armor: Robe              |     5 |    10 |       ||    15
Dodge: Dodged            |    33 |    45 |     4 ||    82
